 Dungeon Crawl Stone Soup version 0.24-a0-524-gf43b32f (webtiles) character file.

Game seed: 350449521497792891

2538 CanOfBees the Zephyrmancer (level 9, 0/54 HPs)
             Began as a Tengu Air Elementalist on July 30, 2019.
             Was an Initiate of Vehumet.
             Slain by a slime creature (17 damage)
             ... on level 6 of the Dungeon.
             The game lasted 00:23:18 (11134 turns).

CanOfBees the Zephyrmancer (TeAE)                  Turns: 11134, Time: 00:23:18

Health: 0/54       AC:  5    Str:  9    XL:     9   Next: 55%
Magic:  5/19       EV: 15    Int: 19    God:    Vehumet [......]
Gold:   225        SH:  0    Dex: 14    Spells: 5/20 levels left

rFire    . . .     SeeInvis .   v - +3 falchion (protect)
rCold    . . .     Gourm    .   (no shield)
rNeg     . . .     Faith    .   z - +1 leather armour of Indomitability {rPois}
rPois    +         Spirit   .   (helmet restricted)
rElec    .         Reflect  .   (no cloak)
rCorr    .         Harm     .   y - +0 pair of gloves
MR       .....                  (boots unavailable)
Stlth    ++........             f - amulet of magic regeneration
HPRegen  0.18/turn              B - ring of wizardry
MPRegen  0.41/turn              (no ring)

@: flying quickly and evasively, quick
A: beak, talons 3, able to fly
a: Stop Flying, Renounce Religion


You were on level 6 of the Dungeon.
You worshipped Vehumet.
Vehumet was noncommittal.
You were hungry.

You visited 2 branches of the dungeon, and saw 8 of its levels.

You collected 363 gold pieces.
You spent 138 gold pieces at shops.

Inventory:

Hand Weapons
 g - a +0 dagger
 u - a +1 dagger of venom
 v - a +3 falchion of protection (weapon)
Missiles
 b - 34 sling bullets
 e - 9 poisoned darts (quivered)
 i - 25 arrows
 w - 26 bolts
 C - 2 atropa-tipped darts
Armour
 a - a +0 robe
 y - a +0 pair of gloves (worn)
 z - the +1 leather armour of Indomitability (worn) {rPois}
   (You found it on level 6 of the Dungeon)

   It protects you from poison.
Jewellery
 f - an amulet of magic regeneration (around neck)
 B - a ring of wizardry (left hand)
 E - an uncursed ring of fire
Wands
 A - a wand of flame (20)
 D - a wand of random effects (23)
 H - a wand of enslavement (6)
Scrolls
 d - 3 scrolls of blinking
 j - 4 scrolls of teleportation
 m - 3 scrolls of magic mapping
 o - a scroll of amnesia {unknown}
 r - a scroll of enchant armour {unknown}
 t - 2 scrolls of remove curse
 F - a scroll of immolation {unknown}
Potions
 h - a potion of mutation
 k - 2 potions of flight
 l - a potion of resistance
 n - 3 potions of lignification
 p - a potion of brilliance
 q - a potion of heal wounds {unknown}
 s - 4 potions of curing {unknown}
 x - a potion of magic {unknown}
Comestibles
 c - 5 rations


   Skills:
 + Level 5.5 Fighting
 + Level 4.1 Long Blades
 + Level 0.0 Armour
 - Level 3.0 Dodging
 - Level 2.0 Stealth
 - Level 6.0 Spellcasting
 - Level 8.0 Conjurations
 + Level 8.4 Air Magic


You had 5 spell levels left.
You knew the following spells:

 Your Spells              Type           Power        Failure   Level  Hunger
a - Shock                 Conj/Air       ####         1%          1    None
b - Swiftness             Chrm/Air       ###.....     1%          2    None
c - Static Discharge      Conj/Air       #####...     1%          3    ##.....
d - Airstrike             Air            #####.....   1%          4    ####...
e - Lightning Bolt        Conj/Air       #####.....   6%          5    #####..

Your spell library contained the following spells:

 Spells                   Type           Power        Failure   Level  Hunger


Dungeon Overview and Level Annotations

Branches:
Dungeon (7/15)             Temple (1/1) D:4

Altars:
Ashenzari
Cheibriados
Dithmenos
Elyvilon
Fedhas
Gozag
Hepliaklqana
Kikubaaqudgha
Makhleb
Nemelex Xobeh
Okawaru
Qazlal
Ru
Sif Muna
Trog
Uskayaw
Vehumet
Wu Jian
Xom
Yredelemnul
Zin
The Shining One

Shops:
D:4 (

Annotations:
D:2 Terence


Innate Abilities, Weirdness & Mutations

You have a beak for a mouth.
You have claws for feet.
You can fly continuously.


Message History

Your kick misses the slime creature.
The slime creature is severely wounded.
Casting: Static Discharge (safe; 1% risk of failure)
Confirm with . or Enter, or press ? or * to list all spells.
The slime creature is struck by an arc of lightning.
The slime creature is almost dead.
You are struck by an arc of lightning.
The lightning grounds out.
You are feeling hungry.
The slime creature hits you!
Casting: Static Discharge (safe; 1% risk of failure)
Confirm with . or Enter, or press ? or * to list all spells.
The slime creature is struck by an arc of lightning.
The slime creature is almost dead.
You are struck by an arc of lightning.
* * * LOW HITPOINT WARNING * * *
The slime creature is struck by an arc of lightning.
The slime creature is almost dead.
The lightning grounds out.
The slime creature closely misses you. The slime creature hits you!
You die...

.........................##...##.
........#..#..............##.####
........##.#...............#.....
.###....##.#.....................
.###.......##....................
...............................>.
..##.......##..........(##.......
_.##........#.....#+###..........
..##........#...@................
.................J...............
................##..........#....
)#....#.........##..........#....
[#....#.....#............####....
.#....#.....#.#..........####....
.)..........#....................
##...........................####
##.[.............................


You could see a slime creature.

Vanquished Creatures
  2 slime creatures
  A hungry ghost (D:7)
  A water moccasin (D:3)
  An ice beast (D:7)
  A phantom (D:4)
  A black bear (D:6)
  3 ogres
  A centaur (D:5)
  A big kobold (D:7)
  A scorpion (D:4)
  8 wights (D:6)
  A howler monkey (D:4)
  2 crimson imps
  A centaur zombie (D:6)
  2 centaur skeletons (D:4)
  2 jellies (D:5)
  2 orc wizards (D:4)
  A gnoll shaman (D:6)
  2 orc priests (D:4)
  A hound (D:6)
  2 iguanas
  3 worker ants
  A hound zombie (D:6)
  2 hound skeletons (D:5)
  Robin (D:2)
  4 gnolls (D:6)
  8 adders
  3 shadow imps
  2 oozes (D:2)
  An adder skeleton (D:5)
  An adder zombie (D:6)
  4 worms
  4 dart slugs
  4 leopard geckos
  15 orcs
  4 giant cockroaches
  11 goblins
  17 hobgoblins
  7 jackals
  9 kobolds
  2 quokkas
  A ball python (D:2)
  6 bats
  2 frilled lizards
  A quokka zombie (D:7)
  5 rats
155 creatures vanquished.

Notes
Turn   | Place    | Note
-------+----------+-------------------------------------------
     0 | D:1      | CanOfBees the Tengu Air Elementalist began the quest for
                  | the Orb.
     0 | D:1      | Reached XP level 1. HP: 10/10 MP: 4/4
   694 | D:1      | Reached XP level 2. HP: 16/16 MP: 3/6
  1805 | D:2      | Reached XP level 3. HP: 20/20 MP: 4/7
  1941 | D:2      | Reached skill level 1 in Fighting
  1977 | D:2      | Noticed Terence
  2727 | D:2      | Noticed Robin
  2741 | D:2      | Reached XP level 4. HP: 17/25 MP: 6/8
  2743 | D:2      | Killed Robin
  4012 | D:2      | Learned a level 2 spell: Swiftness
  4016 | D:2      | Learned a level 3 spell: Static Discharge
  4113 | D:1      | Gained mutation: You can fly continuously. [Tengu growth]
  4113 | D:1      | Reached XP level 5. HP: 4/30 MP: 5/10
  4113 | D:1      | HP: 1/30 [/static electricity (3)]
  4662 | D:3      | Found a sparkling altar of Nemelex Xobeh.
  4686 | D:3      | Noticed a water moccasin
  5239 | D:4      | Reached skill level 5 in Air Magic
  5265 | D:4      | Found a staircase to the Ecumenical Temple.
  5316 | Temple   | Entered the Ecumenical Temple
  5739 | D:4      | Reached XP level 6. HP: 36/36 MP: 8/12
  6024 | D:3      | Learned a level 4 spell: Airstrike
  6046 | D:3      | Killed a water moccasin
  6494 | D:4      | Reached XP level 7. HP: 41/41 MP: 10/14
  7265 | D:4      | Found Querusk's Antique Weapon Shoppe.
  7271 | D:4      | Bought a glowing falchion for 138 gold pieces
  7416 | D:4      | Reached skill level 5 in Conjurations
  7550 | D:4      | Reached skill level 5 in Spellcasting
  7550 | D:4      | Reached XP level 8. HP: 45/48 MP: 14/16
  7647 | D:4      | Learned a level 5 spell: Lightning Bolt
  7651 | D:5      | Entered Level 5 of the Dungeon
  7676 | D:5      | Found a blossoming altar of Fedhas.
  8194 | D:5      | Reached skill level 1 in Long Blades
  8887 | D:6      | Found a shattered altar of Ashenzari.
  8906 | D:6      | Found an ancient bone altar of Kikubaaqudgha.
  8906 | D:6      | Found a hazy altar of Hepliaklqana.
  8924 | D:6      | Found a shimmering altar of Xom.
  8925 | D:6      | Found a radiant altar of Vehumet.
  8925 | D:6      | Found an iron altar of Okawaru.
  8925 | D:6      | Found an ornate altar of the Wu Jian Council.
  9096 | D:6      | Became a worshipper of Vehumet
  9105 | D:6      | Reached XP level 9. HP: 52/52 MP: 14/19
  9313 | D:6      | Got an ancient leather armour
  9316 | D:6      | Found a sacrificial altar of Ru.
  9392 | D:6      | Reached skill level 5 in Fighting
 10710 | D:6      | Identified the +1 leather armour of Indomitability {rPois}
                  | (You found it on level 6 of the Dungeon)
 11134 | D:6      | Slain by a slime creature

Levels and vault maps discovered:
D:1:      dpeg_arrival_erosion, layout_basic, minmay_octomino_c4
D:2:      minmay_general_purpose_star, layout_basic, first_ration, uniq_robin,
          uniq_terence
D:3:      layout_basic, nemelex_xobeh_ov_fountains_minmay
D:4:      layout_loops_ring, minmay_temple_entry_junction,
          kennysheep_small_square
D:5:      layout_cave_pools, fedhas_altar_4
D:6:      layout_basic, ashenzari_conservatory_becter,
          grunt_temple_overflow_open, lemuel_round_altar
D:7:      layout_cave_pods
Temple:   nicolae_temple_hex_pool

Skill      XL: |  1  2  3  4  5  6  7  8  9 |
---------------+----------------------------+-----
Conjurations   | 2 3 4 5 6 8 |  8.0
Fighting       | 1 2 3 4 5 |  5.5
Dodging        | 3 |  3.0
Air Magic      | 5 6 7 8 |  8.4
Spellcasting   | 3 4 5 6 |  6.0
Long Blades    | 2 4 |  4.1
Stealth        | |  2.0

Action                   |  1- 3 |  4- 6 |  7- 9 || total
-------------------------+-------+-------+-------++-------
Melee: Unarmed           |     2 |       |       ||     2
       Dagger            |     6 |    12 |     2 ||    20
       Kick              |     2 |     2 |    12 ||    16
       Peck              |     1 |     1 |     5 ||     7
       Falchion          |       |       |    33 ||    33
Throw: Dart              |       |     5 |       ||     5
 Cast: Shock             |    60 |   106 |   161 ||   327
       Static Discharge  |       |     7 |    24 ||    31
       Airstrike         |       |       |     7 ||     7
       Lightning Bolt    |       |       |    13 ||    13
 Abil: Fly               |       |     1 |       ||     1
Evoke: Wand              |       |       |     5 ||     5
  Use: Scroll            |     6 |     4 |     3 ||    13
  Eat: Chunk             |     3 |    12 |     6 ||    21
       Ration            |     1 |       |     4 ||     5
Armor: Robe              |     5 |     4 |    13 ||    22
       Leather armour    |       |       |     1 ||     1
Dodge: Dodged            |    27 |    44 |    44 ||   115
       Rpst.: Falchion   |       |       |    16 ||    16

Table legend:
 A = Non-vault XP
 B = Vault XP
 C = Vault XP percentage of total XP
 D = Non-vault monster count
 E = Vault monster count
 F = Vault count percentage of total count
                 A         B        C        D         E       F
            +---------+---------+-------+---------+---------+-------
      Total |    3505 |     121 |   3.3 |     135 |      20 |  12.9
            +---------+---------+-------+---------+---------+-------
        D:1 |      21 |       8 |  27.6 |      13 |       4 |  23.5
        D:2 |      81 |      44 |  35.2 |      26 |      14 |  35.0
        D:3 |     196 |       0 |   0.0 |      18 |       0 |   0.0
        D:4 |     844 |      69 |   7.6 |      28 |       2 |   6.7
        D:5 |     349 |       0 |   0.0 |      15 |       0 |   0.0
        D:6 |    1264 |       0 |   0.0 |      24 |       0 |   0.0
        D:7 |     750 |       0 |   0.0 |      11 |       0 |   0.0
            +---------+---------+-------+---------+---------+-------
